Map: Temple gelé

Players

Lawlight

  • Race: Zerg Zerg
  • League: Platinum
  • Spawn Location: 5:00

zidar - Winner!

  • Race: Zerg Zerg
  • League: Platinum
  • Spawn Location: 11:00

VOD

Have the link to the VOD?

Description

Time

  • Played on: Nov. 19, 2016, 10:51 a.m.
  • Length: 3:45
Show
View Real Time Build Order
Export as new Build Order

Lawlight Zerg 

Build Orders: Pool First 

Get SALT Encoding   

  12  0:07  Drone  
  13  0:15  Drone  
  13  0:19  Overlord  
  14  0:41  Drone x3  
  17  0:57  Spawning Pool  
  17  0:58  Extractor  
  17  1:01  Drone  
  16  1:04  Overlord  
  16  1:15  Drone  
  17  1:44  Queen  
  17  1:46  Zergling x6  
  22  2:02  Hatchery, Metabolic Boost  
  21  2:15  Drone x2  
  23  2:28  Zergling x2  
  24  2:34  Drone  
  24  2:36  Extractor  
  21  2:54  Zergling x8  
  21  2:55  Roach Warren  
  25  3:05  Zergling x2  
  27  3:19  Roach Warren  
  21  3:25  Zergling x2  
Show
View Real Time Build Order
Export as new Build Order

zidar Zerg - Winner!

Build Orders: 1 Base Baneling Bust, Pool Only 

Get SALT Encoding   

  12  0:01  Drone  
  13  0:08  Drone  
  13  0:13  Extractor  
  13  0:16  Drone  
  14  0:34  Spawning Pool  
  13  0:42  Drone  
  14  0:47  Overlord  
  14  1:00  Overlord  
  14  1:21  Zergling x6  
  14  1:22  Metabolic Boost  
  17  1:33  Queen  
  19  1:44  Zergling x2  
  19  1:45  Zergling x2  
  21  1:54  Zergling x2  
  22  2:05  Zergling x2  
  23  2:09  Baneling Nest  
  22  2:22  Zergling x2  
  24  2:30  Zergling x2  
  24  2:40  Zergling x2  
  25  2:57  Zergling x2  
  25  2:58  Zergling x4  
  28  3:08  Baneling  
  28  3:09  Baneling x4  
  27  3:27  Zergling x6  
Tags
 
Add a new tag
Caveats
  • Supply blocks, unpowered buildings, or Contaminate may cause inaccurate times.
  • Supply counts are checked every 10 seconds.